 Dungeon Crawl Stone Soup version 0.13.1-27-ga479965 (webtiles) character file.

242 Chiseanne the Magician (level 5, 0/37 HPs)
             Began as a Demonspawn Transmuter on Jan 28, 2014.
             Was a Follower of Nemelex Xobeh.
             Slain by a hound (3 damage)
             ... on Level 4 of the Dungeon.
             The game lasted 00:10:03 (3137 turns).

Chiseanne the Magician (Demonspawn Transmuter)      Turns: 3137, Time: 00:10:03

HP   0/37        AC  3     Str 10      XL: 5   Next: 27%
MP   7/8         EV 11     Int 15      God: Nemelex Xobeh [*.....]
Gold 70          SH  0     Dex 14      Spells:  2 memorised,  6 levels left

Res.Fire  : . . .   See Invis. : .   n - -1,+1 orc hand axe (chop)
Res.Cold  : . . .   Warding    : .   m - +0 leather armour
Life Prot.: . . .   Conserve   : .   (no shield)
Res.Poison: .       Res.Corr.  : .   (helmet restricted)
Res.Elec. : .       Clarity    : .   (no cloak)
Sust.Abil.: . .     Spirit.Shd : .   (no gloves)
Res.Mut.  : .       Stasis     : .   (no boots)
Res.Rott. : .       Flight     : .   (no amulet)
Saprovore : + . .                    (no ring)
                                     b - ring of protection from magic

@: appendage, invisible, very slightly contaminated, somewhat resistant to
hostile enchantments, fairly stealthy
A: horns 2, talons 1, nightstalker 1, saprovore 1
a: End Transformation, Draw One, Renounce Religion


You were on level 4 of the Dungeon.
You worshipped Nemelex Xobeh.
Nemelex Xobeh was aware of your devotion.
You were not hungry.
You had grown temporary horns.
You visited 1 branch of the dungeon, and saw 4 of its levels.

You collected 50 gold pieces.

Inventory:

Hand weapons
 n - a -1,+1 orcish hand axe of chopping (weapon)
 s - a +0 blowgun
Armour
 m - a +0 leather armour (worn)
Magical devices
 q - a wand of confusion (8)
Comestibles
 a - 2 bread rations
 l - a choko
Scrolls
 c - 2 scrolls of enchant weapon II {unknown}
 f - 3 scrolls of identify
 i - a scroll of noise {unknown}
 j - 3 scrolls of remove curse {unknown}
 k - a scroll of magic mapping {unknown}
 o - a scroll of teleportation {unknown}
 p - 2 scrolls of fear {unknown}
 r - a scroll of enchant armour {unknown}
Jewellery
 b - a ring of protection from magic (left hand)
Potions
 e - a potion of invisibility
Books
 d - a book of Changes

   Spells                             Type                      Level
   *Beastly Appendage                 Transmutation                1
   Sticks to Snakes                   Transmutation                2
   *Spider Form                       Transmutation/Poison         3
   Ice Form                           Ice/Transmutation            4
   Blade Hands                        Transmutation                5


   Skills:
 * Level 1.5 Fighting
 * Level 2.6 Dodging
 - Level 3.0 Unarmed Combat
 * Level 3.1 Spellcasting
 * Level 3.0 Transmutations
 * Level 1.3 Evocations


You had 6 spell levels left.
You knew the following spells:

 Your Spells              Type           Power        Failure   Level  Hunger
a - Beastly Appendage     Trmt           ##....       8%          1    #......
b - Spider Form           Trmt/Pois      #.........   34%         3    ###....


Dungeon Overview and Level Annotations

Branches:
Dungeon (4/27)
 Temple: D:4-7

Altars:
Ashenzari
Nemelex Xobeh

Shops:
D:4 /

Annotations:
D:3 Chiseanne's ghost, average SpTm


Innate Abilities, Weirdness & Mutations

You have sharp toenails.*
You are slightly more attuned to the shadows.
You can tolerate rotten meat.
You have a pair of horns on your head.*


Message History

The hound closely misses you. The hound bites you but does no damage.
You barely miss the hound. Your kick misses the hound.
The hound is lightly wounded.
The hound closely misses you. The hound barely misses you.
You closely miss the hound.
The hound is lightly wounded.
Your horns disappear.
The hound closely misses you. The hound barely misses you.
You barely miss the hound.
The hound is lightly wounded.
The hound bites you.
* * * LOW HITPOINT WARNING * * *
The hound bites you.
* * * LOW HITPOINT WARNING * * *
Casting: Beastly Appendage
Confirm with . or Enter, or press ? or * to list all spells.
You grow a pair of large bovine horns.
The hound misses you. The hound barely misses you. The hound bites you.
You die...
Your body disappears without a glow.

#.. .#...
..... ...
... #s# .
#h#
....###@#
#.....<#
#...##.#
#.. #># #
#∩.......
###...##
..... ###


You could see a hound and a giant cockroach.

Vanquished Creatures
  An ogre (D:4)
  2 adders (D:2)
  An inept item mimic (D:2)
  A worm (D:2)
  2 giant geckos (D:1)
  An ooze (D:1)
  An orc (D:2)
  A ball python (D:2)
  4 giant cockroaches
  4 goblins
  10 hobgoblins
  5 jackals
  4 kobolds
  A quokka (D:2)
  4 bats
  4 giant newts
  8 rats
54 creatures vanquished.

Vanquished Creatures (collateral kills)
  A hound (D:2)
  2 adders (D:2)
  A hobgoblin (D:2)
  A jackal (D:2)
  A rat (D:2)
6 creatures vanquished.

Grand Total: 60 creatures vanquished

Notes
Turn   | Place    | Note
--------------------------------------------------------------
     0 | D:1      | Chiseanne, the Demonspawn Transmuter, began the quest for the Orb.
     0 | D:1      | Reached XP level 1. HP: 15/15 MP: 1/1
   308 | D:1      | Gained mutation: You are slightly more attuned to the shadows. [demonic ancestry]
   308 | D:1      | Reached XP level 2. HP: 21/21 MP: 0/3
   460 | D:1      | Reached skill level 3 in Unarmed Combat
  1117 | D:1      | Gained mutation: You have sharp toenails. [demonic ancestry]
  1117 | D:1      | Reached XP level 3. HP: 21/26 MP: 2/4
  1385 | D:1      | Found a shattered altar of Ashenzari.
  1523 | D:2      | Found a sparkling altar of Nemelex Xobeh.
  1531 | D:2      | Became a worshipper of Nemelex Xobeh
  1654 | D:1      | Received a gift from Nemelex Xobeh
  2128 | D:2      | Acquired Nemelex Xobeh's first power
  2367 | D:2      | Reached XP level 4. HP: 32/32 MP: 4/6
  2556 | D:2      | Learned a level 3 spell: Spider Form
  3020 | D:3      | Noticed Chiseanne's ghost (average SpTm)
  3103 | D:4      | Found Abeatois' Magical Wand Shoppe.
  3106 | D:4      | Noticed an ogre
  3114 | D:4      | Killed an ogre
  3114 | D:4      | Reached skill level 1 in Evocations
  3114 | D:4      | Gained mutation: You can tolerate rotten meat. [demonic ancestry]
  3114 | D:4      | Reached XP level 5. HP: 28/37 MP: 6/8
  3137 | D:4      | Slain by a hound

Action                   |  1- 3 |  4- 6 || total
-------------------------+-------+-------++-------
Melee: Unarmed           |   123 |    20 ||   143
       Hand axe          |       |    21 ||    21
Throw: Dart              |     1 |       ||     1
 Cast: Beastly Appendage |    29 |    10 ||    39
Evoke: Deck              |     6 |       ||     6
       Wand              |       |     2 ||     2
  Use: Scroll            |     1 |       ||     1
       Potion            |       |     4 ||     4
 Stab: Sleeping          |     2 |     1 ||     3
